 Dungeon Crawl Stone Soup version 0.18.1-48-g4cf74bf (webtiles) character file.

25 Inkary the Charmwright (level 3, -4/33 HPs)
             Began as a Naga Skald on July 28, 2016.
             Slain by a hobgoblin
             ... wielding a +0 club
              (5 damage)
             ... on level 1 of the Dungeon.
             The game lasted 00:02:58 (704 turns).

Inkary the Charmwright (Naga Skald)                  Turns: 704, Time: 00:02:59

Health: -4/33      AC:  2    Str: 15    XL:     3   Next: 6%
Magic:  3/6        EV:  8    Int: 12    God:
Gold:   20         SH:  3    Dex: 10    Spells: 1 memorised, 5 levels left

rFire  . . .     SeeInvis +     a - +0 falchion
rCold  . . .     Gourm    .     b - +0 leather armour
rNeg   . . .     Faith    .     k - +0 buckler
rPois  +         Spirit   .     (no helmet)
rElec  .         Dismiss  .     (no cloak)
rCorr  .         Reflect  .     (no gloves)
SustAt .         Harm     .     (no barding)
MR     .....                    (no amulet)
Stlth  +.........               (no ring)
                                (no ring)

@: infused, very slow, not resistant to hostile enchantments, very unstealthy
A: see invisible, deformed body, poison resistance, slowness 2, slow metabolism
1, spit poison 2, AC +1
a: Spit Poison


You were on level 1 of the Dungeon.
You were not hungry.

You visited 1 branch of the dungeon, and saw 1 of its levels.

You collected 20 gold pieces.

Inventory:

Hand Weapons
 a - a +0 falchion (weapon)
Armour
 b - a +0 leather armour (worn)
 k - a +0 buckler (worn)
Scrolls
 e - a scroll of identify {unknown}
 f - a scroll of enchant weapon {unknown}
 g - a scroll of amnesia {unknown}
 h - a scroll of immolation {unknown}
 i - a scroll of teleportation {unknown}
 l - a scroll of fear {unknown}
Potions
 j - a potion of degeneration {unknown}
Books
 c - a book of Battle

   Spells                             Type                      Level
   a - Infusion                       Charms                       1
   b - Shroud of Golubria             Charms/Translocation         2
   c - Song of Slaying                Charms                       2
   d - Spectral Weapon                Hexes/Charms                 3
   e - Regeneration                   Charms/Necromancy            3
Comestibles
 d - a bread ration
 m - a slice of pizza
 n - a chunk of flesh


   Skills:
 + Level 2.3 Fighting
 + Level 2.4 Long Blades
 - Level 1.0 Armour
 - Level 1.1 Dodging
 + Level 0.1 Shields
 + Level 2.2 Spellcasting
 - Level 3.0 Charms


You had 5 spell levels left.
You knew the following spells:

 Your Spells              Type           Power        Failure   Level  Hunger
a - Infusion              Chrm           #...         17%         1    ##.....


Dungeon Overview and Level Annotations

Branches:
Dungeon (1/15)

Altars:


Innate Abilities, Weirdness & Mutations

You cannot wear boots.
Your serpentine skin is tough (AC +1).
You have supernaturally acute eyesight.
Armour fits poorly on your strangely shaped body.
Your system is resistant to poisons.
You cover ground very slowly.
You have a slow metabolism.
You can spit poison.


Message History

* * * LOW HITPOINT WARNING * * *
You closely miss the hobgoblin.
The hobgoblin is heavily wounded.
The hobgoblin hits you with a club.
* * * LOW HITPOINT WARNING * * *
Casting: Infusion
Confirm with . or Enter, or press ? or * to list all spells.
You begin infusing your attacks with magical energy.
The hobgoblin barely misses you.
You barely miss the hobgoblin.
The hobgoblin is heavily wounded.
The hobgoblin misses you.
You closely miss the hobgoblin.
The hobgoblin is heavily wounded.
The hobgoblin hits you with a club.
* * * LOW HITPOINT WARNING * * *
You barely miss the hobgoblin.
The hobgoblin is heavily wounded.
The hobgoblin hits you with a club.
You die...

.##......###.####..## #.#
.#.....#..... #...## #.#
....####..##. #.#..# #.#
...#### .....
#..##.########.### ).....#
.###.###.###....รท..#.....
.####.# #.....
########....... ## ..
##...####...## ###..... #
.. #.....##.....#####.....
#g@................
.......##.......####.)...
....... #.............##.
..>..[. ##.......###.##..
....... ##.....### #.##..
....... #.......# #.##..
....... #.......####.##..
...######................
........[###....#..


You could see a hobgoblin.

Vanquished Creatures
  An adder (D:1)
  2 giant cockroaches (D:1)
  2 goblins (D:1)
  4 hobgoblins (D:1)
  2 bats (D:1)
  A giant newt (D:1)
  3 kobolds (D:1)
  A rat (D:1)
16 creatures vanquished.

Notes
Turn   | Place    | Note
--------------------------------------------------------------
     0 | D:1      | Inkary the Naga Skald began the quest for the Orb.
     0 | D:1      | Reached XP level 1. HP: 19/19 MP: 3/3
    33 | D:1      | Reached skill level 1 in Armour
   300 | D:1      | Reached skill level 1 in Dodging
   300 | D:1      | Reached XP level 2. HP: 24/26 MP: 0/5
   696 | D:1      | Reached XP level 3. HP: 11/32 MP: 3/6
   703 | D:1      | HP: 1/33 [hobgoblin/club (3)]
   704 | D:1      | Slain by a hobgoblin

Skill      XL: |  1 |
---------------+----+-----
Armour         | 1 |  1.0
Dodging        | 1 |  1.1
Fighting       | |  2.3
Long Blades    | |  2.4
Shields        | |  0.1
Spellcasting   | |  2.2
Charms         | |  3.0

Action                   || total
-------------------------++-------
Melee: Falchion          ||    56
 Cast: Infusion          ||    10
 Abil: Spit Poison       ||     1
Armor: Leather armour    ||     9
Dodge: Dodged            ||    38
Block: Buckler           ||     4
